 Dungeon Crawl Stone Soup version 0.28-a0-662-g1651b1f1e0 (webtiles) character file.

Game seed: 15601591510783295920

23 lawman0 the Sneak (level 3, -2/29 HPs)
             Began as a Formicid Delver on Oct 15, 2021.
             Slain by a kobold brigand (6 damage)
             ... in a sewer.
             The game lasted 00:00:28 (272 turns).

lawman0 the Sneak (Formicid Delver)                  Turns: 272, Time: 00:00:28

Health: -2/29      AC:  3    Str: 16    XL:     3   Next: 10%
Magic:  3/3        EV: 11    Int: 10    God:
Gold:   0          SH:  0    Dex: 12    Spells: 2/2 levels left

rFire   . . .      SeeInvis +   a - +0 mace
rCold   . . .      Faith    .   (no shield)
rNeg    . . .      Spirit   .   b - +0 leather armour
rPois   .          Reflect  .   (helmet unavailable)
rElec   .          Harm     .   (no cloak)
rCorr   .          Rampage  .   (no gloves)
Will    .....                   (no boots)
Stlth   +++.......              (no amulet)
HPRegen 0.09/turn               (no ring)
MPRegen 0.08/turn               (no ring)

@: no status effects
A: permanent stasis, dig shafts and tunnels, antennae 3, four strong arms
a: Dig


You were in a sewer.
You visited 1 branch of the dungeon, and saw 1 of its levels.
You also visited: Sewer.

Inventory:

Hand Weapons
 a - a +0 mace (weapon)
Armour
 b - a +0 leather armour (worn)
Wands
 f - a wand of digging (3)
Scrolls
 c - a scroll of fog
 e - a scroll of fear


   Skills:
 + Level 3.4 Fighting
 + Level 2.3 Maces & Flails
 + Level 0.1 Armour
 + Level 1.8 Dodging
 + Level 6.6 Stealth


You had 2 spell levels left.
You didn't know any spells.
Your spell library was empty.

Dungeon Overview and Level Annotations

Branches:
Dungeon (5/15)             Temple (0/1) D:5           Sewer (1/1)

Altars:


Innate Abilities, Weirdness & Mutations

You cannot be hasted, slowed, berserked, paralysed or teleported.
You can dig through walls and to a lower floor.
You have a pair of large antennae on your head. (SInv)
Your four strong arms can wield two-handed weapons with a shield.


Message History

The jackal barks!
You hear a shout!
A kobold comes into view. It is wielding a +0 club.
The kobold brigand shouts!
You aren't carrying any potions.
You enter the shallow water.
Moving in this stuff is going to be slow.
You hit the jackal.
The jackal is moderately wounded.
The jackal closely misses you. x2; The kobold throws a stone.
The stone misses you.
Your unstable footing causes you to fumble your attack.
The jackal bites you.
The jackal splashes around in the water.
Your unstable footing causes you to fumble your attack.
The jackal bites you.
The jackal splashes around in the water.
You hit the jackal.
You kill the jackal!
The kobold brigand splashes around in the water.
You barely miss the kobold brigand.
The kobold splashes around in the water.
The kobold brigand splashes around in the water.
Your unstable footing causes you to fumble your attack.
The kobold misses you.
The kobold brigand hits you but does no damage.
The kobold hits you with a +1 short sword of electrocution.
You are electrocuted!!
Ouch! That really hurt!
* * * LOW HITPOINT WARNING * * *
The kobold throws a stone.
The stone hits you but does no damage.
You sock the kobold brigand!
The kobold brigand is moderately wounded.
The kobold brigand barely misses you.
The kobold brigand hits you with a +0 club.
* * * LOW HITPOINT WARNING * * *
You are too injured to fight recklessly!
You sock the kobold brigand!
The kobold brigand is heavily wounded.
The kobold brigand hits you with a +0 club.
You die...

#≈≈≈# ##≈≈≈## #.≈≈≈.#
#.≈≈≈.### #.≈≈≈..∩#
#.≈≈≈.### #.≈≈≈.#
##≈≈≈≈.##
################@K≈≈≈..#
≈≈≈≈≈≈≈≈≈≈≈≈≈≈≈≈K≈≈≈≈≈≈#
################≈.≈≈≈.≈#
#.≈≈≈≈≈.# #.≈≈≈≈≈.#
#≈≈≈≈≈≈≈# #≈≈≈≈≈≈≈#
#.≈≈≈≈≈.# #.≈≈≈≈K.#


You could see a kobold brigand and a kobold.

Vanquished Creatures
  2 river rats
  A jackal (Sewer)
  4 rats (Sewer)
7 creatures vanquished.

Notes
Turn   | Place    | Note
-------+----------+-------------------------------------------
     0 | D:5      | lawman0 the Formicid Delver began the quest for the Orb.
     0 | D:5      | Reached XP level 1. HP: 18/18 MP: 1/1
    13 | D:5      | Reached XP level 2. HP: 18/24 MP: 2/2
    19 | Sewer    | Entered a sewer
   157 | Sewer    | Reached XP level 3. HP: 24/29 MP: 3/3
   256 | Sewer    | Noticed a kobold brigand
   272 | Sewer    | Slain by a kobold brigand

Illustrated notes

Levels and vault maps discovered:
D:5:      layout_cave_pools, grunt_temple_overflow_open,
          mainiacjoe_overflow_catwalk_spiral, portal_sewer_entry_a
Sewer:    sewer_kobolds

Action                   || total
-------------------------++-------
Melee: Mace              ||    28
  Use: Scroll            ||     1
 Stab: Sleeping          ||     1
Armor: Leather armour    ||     4
Dodge: Dodged            ||    19

Table legend: (Time is in decaauts)
 A = Elapsed time spent in this place.
 B = Non-inter-level travel time spent in this place.
 C = Inter-level travel time spent in this place.
 D = Time resting spent in this place.
 E = Time spent auto-exploring this place.
 F = Levels seen in this place.
 G = Mean time per level.
                   A        B        C        D        E       F      G
               +--------+--------+--------+--------+--------+-----+--------+
         Total |    298 |    298 |      0 |    154 |     62 |   2 |  149.0 |
       Dungeon |     20 |     20 |      0 |      0 |      0 |   1 |   20.0 |
         Sewer |    277 |    277 |      0 |    154 |     62 |   1 |  277.0 |
               +--------+--------+--------+--------+--------+-----+--------+

Top non-repeatable levels by time:
   Sewer: 277 daAuts
     D:5: 20 daAuts
